[Event "Slovenian chT 2019"]
[Site "Slovenia"]
[Date "2019.12.20"]
[Round "7"]
[White "Zupe, Miran"]
[Black "Cigan, Stefan"]
[Result "1/2-1/2"]
[ECO "D02"]
[WhiteElo "2236"]
[BlackElo "2318"]
[Annotator "NA"]
[PlyCount "62"]
[EventDate "2019.??.??"]
[EventCountry "SLO"]
[SourceTitle "playchess.com"]
[Source "ChessBase"]
[SourceQuality "1"]
[TimeControl "40/5400+30:1800+30"]

1. d4 d5 2. Nf3 Nf6 3. Bf4 Bf5 4. e3 e6 5. Bd3 Bxd3 6. Qxd3 c6 7. O-O Bd6 8. Bxd6 Qxd6 9. Nbd2 Nbd7 10. e4 dxe4 11. Nxe4 Nxe4 12. Qxe4 O-O 13. h3 Rad8 14. Rfe1 Qd5 15. Qxd5 exd5 16. Re7 Rfe8 17. Rae1 Kf8 18. Rxe8+ Rxe8 19. Rxe8+ Kxe8 20. Kf1 Ke7 21. Ke2 f6 22. Ke3 Ke6 23. Ne1 h5 24. Nd3 Kf5 25. g3 g5 26. f3 Kg6 27. b3 Kf5 28. g4+ hxg4 29. hxg4+ Ke6 30. c3 Kd6 31. a4 a5 1/2-1/2

[Event "Slovenian chT 2019"]
[Site "Slovenia"]
[Date "2019.12.20"]
[Round "7"]
[White "Zirkelbach, Maj"]
[Black "Jelen, Igor"]
[Result "1/2-1/2"]
[ECO "D87"]
[WhiteElo "2221"]
[BlackElo "2350"]
[Annotator "RC"]
[PlyCount "114"]
[EventDate "2019.??.??"]
[EventCountry "SLO"]
[SourceTitle "playchess.com"]
[Source "ChessBase"]
[SourceQuality "1"]
[TimeControl "40/5400+30:1800+30"]

1. d4 Nf6 2. c4 g6 3. Nc3 d5 4. cxd5 Nxd5 5. e4 Nxc3 6. bxc3 Bg7 7. Bc4 c5 8. Ne2 Nc6 9. Be3 O-O 10. O-O Qc7 11. Rc1 Rd8 12. Qe1 a6 13. f4 e6 14. dxc5 Bd7 15. Qf2 Rac8 16. Nd4 Na5 17. Be2 Be8 18. f5 e5 19. Nc2 Bf8 20. f6 Bxc5 21. Kh1 Bxe3 22. Nxe3 Qc5 23. Qg3 Bd7 24. Nd5 Nc6 25. Qh4 Be6 26. Bg4 Bxg4 27. Qxg4 Qf8 28. Qh4 Re8 29. Rf3 h6 30. Rh3 Kh7 31. Rb1 Nd8 32. Ne7 Rc4 33. Re1 Ne6 34. Qg3 Nf4 35. Rh4 Nh5 36. Rxh5 gxh5 37. Qxe5 Rd8 38. Qxh5 Rxc3 39. g4 Rd2 40. g5 Rcc2 41. g6+ fxg6 42. Qxg6+ Kh8 43. e5 Rxh2+ 44. Kg1 Rcg2+ 45. Qxg2 Rxg2+ 46. Kxg2 Qf7 47. Re3 Qxa2+ 48. Kg3 Qe6 49. Ng6+ Kg8 50. Nf4 Qf5 51. e6 Kf8 52. e7+ Ke8 53. Ne6 Qg6+ 54. Kh3 Qh5+ 55. Kg2 Qg6+ 56. Kh2 Qh5+ 57. Kg1 Qg6+ 1/2-1/2

[Event "Slovenian chT 2019"]
[Site "Slovenia"]
[Date "2019.12.20"]
[Round "7"]
[White "Titan, Matej"]
[Black "Vombek, Dani"]
[Result "1/2-1/2"]
[ECO "E92"]
[WhiteElo "2219"]
[BlackElo "2283"]
[Annotator "NA"]
[PlyCount "77"]
[EventDate "2019.??.??"]
[EventCountry "SLO"]
[SourceTitle "playchess.com"]
[Source "ChessBase"]
[SourceQuality "1"]
[TimeControl "40/5400+30:1800+30"]

1. d4 Nf6 2. c4 g6 3. Nc3 Bg7 4. e4 O-O 5. Nf3 d6 6. Be2 e5 7. Be3 exd4 8. Nxd4 Re8 9. f3 c6 10. Bf2 Nbd7 11. O-O a6 12. Qd2 Ne5 13. Rfd1 Qe7 14. Na4 Bf8 15. Nb6 Rb8 16. Rac1 Be6 17. Nxe6 Qxe6 18. Bf1 Rbd8 19. b4 Nh5 20. c5 dxc5 21. Qxd8 Rxd8 22. Rxd8 Kg7 23. bxc5 Be7 24. Rdd1 Nf4 25. Nc4 Nd7 26. Nd6 b5 27. Bg3 Bg5 28. Rc2 Ne5 29. Bf2 h5 30. Nb7 Qc8 31. Nd6 Qe6 32. Nb7 Qc8 33. Bd4 Bf6 34. Nd6 Qe6 35. Bf2 h4 36. h3 Be7 37. Be3 Bg5 38. Bf2 Bf6 39. Be3 1/2-1/2

[Event "Slovenian chT 2019"]
[Site "Slovenia"]
[Date "2019.12.20"]
[Round "7"]
[White "Polajzer, Danilo"]
[Black "Subelj, Jan"]
[Result "0-1"]
[ECO "E03"]
[WhiteElo "2207"]
[BlackElo "2402"]
[Annotator "NA"]
[PlyCount "46"]
[EventDate "2019.??.??"]
[EventCountry "SLO"]
[SourceTitle "playchess.com"]
[Source "ChessBase"]
[SourceQuality "1"]
[TimeControl "40/5400+30:1800+30"]

1. d4 Nf6 2. c4 e6 3. g3 d5 4. Bg2 dxc4 5. Qa4+ Nbd7 6. Nf3 a6 7. Qxc4 c5 8. dxc5 Bxc5 9. b4 b5 10. Qb3 Bd6 11. Nd4 Qc7 12. Nc3 Rb8 13. O-O Bb7 14. Bxb7 Qxb7 15. Rd1 Be5 16. Nxe6 fxe6 17. Qxe6+ Kf8 18. Rxd7 Nxd7 19. Bg5 Re8 20. Qf5+ Nf6 21. Bxf6 Bxf6 22. Rd1 Qc8 23. Rd7 Re7 0-1

[Event "Slovenian chT 2019"]
[Site "Slovenia"]
[Date "2019.12.20"]
[Round "7"]
[White "Serdt, Simon"]
[Black "Kaps, Darja"]
[Result "1/2-1/2"]
[ECO "A46"]
[WhiteElo "2178"]
[BlackElo "2145"]
[Annotator "NA"]
[PlyCount "60"]
[EventDate "2019.??.??"]
[EventCountry "SLO"]
[SourceTitle "playchess.com"]
[Source "ChessBase"]
[SourceQuality "1"]
[TimeControl "40/5400+30:1800+30"]

1. d4 Nf6 2. Nf3 e6 3. Bg5 c5 4. e3 Nc6 5. c3 h6 6. Bh4 b6 7. Nbd2 Be7 8. Bd3 Bb7 9. O-O O-O 10. Qe2 Rc8 11. Rad1 d5 12. Ne5 Nxe5 13. dxe5 Nd7 14. Bxe7 Qxe7 15. f4 f5 16. exf6 Nxf6 17. e4 c4 18. Bb1 Qc5+ 19. Kh1 dxe4 20. Nxe4 Nxe4 21. Bxe4 Bxe4 22. Qxe4 Qc6 23. Qxc6 Rxc6 24. g3 Rf5 25. Kg2 Ra5 26. a3 Rd5 27. Rxd5 exd5 28. Re1 Kf7 29. Kf3 Rc5 30. Re2 Rc6 1/2-1/2

[Event "Slovenian chT 2019"]
[Site "Slovenia"]
[Date "2019.12.20"]
[Round "7"]
[White "Murko, David"]
[Black "Mikhalchishin, Adrian"]
[Result "0-1"]
[ECO "C55"]
[WhiteElo "2170"]
[BlackElo "2467"]
[Annotator "ChessBase"]
[PlyCount "72"]
[EventDate "2019.??.??"]
[EventCountry "SLO"]
[SourceTitle "playchess.com"]
[Source "ChessBase"]
[SourceQuality "1"]
[TimeControl "40/5400+30:1800+30"]

1. e4 e5 2. Nf3 Nc6 3. Bc4 Nf6 4. d3 Be7 5. O-O O-O 6. Re1 d6 7. a4 Kh8 8. c3 Ng8 9. d4 Bg4 10. d5 Nb8 11. Bd3 c6 12. c4 a5 13. Nbd2 Na6 14. h3 Bd7 15. Nf1 Nb4 16. Bb1 cxd5 17. cxd5 b5 18. axb5 Bxb5 19. Ne3 g6 20. Ra3 Nf6 21. Bd2 Nd7 22. Bc3 Qb6 23. Qd2 Ba6 24. Ng4 f6 25. Nh4 Rg8 26. Nh6 Rg7 27. g3 Nc5 28. Ng2 Rb8 29. h4 a4 30. h5 Nbd3 31. Bxd3 Bxd3 32. Ba5 Qb5 33. b4 axb3 34. f3 b2 35. Bc7 Rc8 36. Rxd3 b1=Q 0-1

[Event "Slovenian chT 2019"]
[Site "Slovenia"]
[Date "2019.12.20"]
[Round "7"]
[White "Srebrnic, Ana"]
[Black "Breznik, Kristijan"]
[Result "1/2-1/2"]
[ECO "E94"]
[WhiteElo "2165"]
[BlackElo "2180"]
[Annotator "NA"]
[PlyCount "22"]
[EventDate "2019.??.??"]
[EventCountry "SLO"]
[SourceTitle "playchess.com"]
[Source "ChessBase"]
[SourceQuality "1"]
[TimeControl "40/5400+30:1800+30"]

1. Nf3 Nf6 2. c4 g6 3. Nc3 Bg7 4. e4 d6 5. d4 O-O 6. Be2 e5 7. O-O Na6 8. Be3 Ng4 9. Bc1 Nf6 10. Be3 Ng4 11. Bc1 Nf6 1/2-1/2

[Event "Slovenian chT 2019"]
[Site "Slovenia"]
[Date "2019.12.20"]
[Round "7"]
[White "Janzelj, Lara"]
[Black "Kastelic, Marian"]
[Result "1-0"]
[ECO "E01"]
[WhiteElo "2158"]
[BlackElo "2248"]
[Annotator "NA"]
[PlyCount "65"]
[EventDate "2019.??.??"]
[EventCountry "SLO"]
[SourceTitle "playchess.com"]
[Source "ChessBase"]
[SourceQuality "1"]
[TimeControl "40/5400+30:1800+30"]

1. d4 Nf6 2. c4 e6 3. g3 d5 4. Bg2 c6 5. b3 Bb4+ 6. Bd2 Be7 7. Nf3 Ne4 8. O-O Nxd2 9. Nbxd2 O-O 10. e4 dxe4 11. Nxe4 f5 12. Nc3 c5 13. Rc1 Nc6 14. d5 exd5 15. cxd5 Na5 16. Na4 b6 17. Re1 Bd6 18. Nb2 f4 19. Ne5 fxg3 20. hxg3 Bxe5 21. Rxe5 Rxf2 22. Qe1 Rf8 23. Re7 Qd6 24. b4 Qf6 25. Nd1 Nb7 26. Nf2 Rb8 27. Rc4 Bf5 28. Rf4 Qd6 29. Qe3 cxb4 30. g4 Bg6 31. Rxf8+ Kxf8 32. Re6 Qc5 33. Qf4+ 1-0

[Event "Slovenian chT 2019"]
[Site "Slovenia"]
[Date "2019.12.20"]
[Round "7"]
[White "Rozman, Monika"]
[Black "Pozun, Matej"]
[Result "0-1"]
[ECO "A09"]
[WhiteElo "2136"]
[BlackElo "2099"]
[Annotator "NA"]
[PlyCount "90"]
[EventDate "2019.??.??"]
[EventCountry "SLO"]
[SourceTitle "playchess.com"]
[Source "ChessBase"]
[SourceQuality "1"]
[TimeControl "40/5400+30:1800+30"]

1. Nf3 d5 2. c4 dxc4 3. e3 Nf6 4. Bxc4 e6 5. b3 c5 6. Bb2 Nc6 7. a3 a6 8. Qc2 b5 9. Be2 Bb7 10. Nc3 Rc8 11. Rc1 Be7 12. Qb1 Na5 13. Bd1 O-O 14. Bc2 Qd6 15. Ne2 Rfd8 16. Rd1 h6 17. h4 c4 18. b4 Nb3 19. Be5 Qd7 20. d3 Bxf3 21. gxf3 Qd5 22. Bc3 Qxf3 23. Rg1 Ne8 24. Rg3 Qh1+ 25. Rg1 Qxh4 26. Bxb3 cxb3 27. Qxb3 Bf6 28. Bd4 Bxd4 29. Nxd4 Rc7 30. Nf3 Qf6 31. Rg3 Qc3+ 32. Qxc3 Rxc3 33. Ra1 Rdxd3 34. a4 bxa4 35. Rxa4 Ra3 36. Rxa3 Rxa3 37. Rg4 Nf6 38. Rc4 Nd5 39. Ne5 f6 40. Nc6 Kf7 41. e4 Nf4 42. Na5 g5 43. Rc7+ Kg6 44. Ra7 Nd3+ 45. Kd2 Nxb4 0-1

[Event "Slovenian chT 2019"]
[Site "Slovenia"]
[Date "2019.12.20"]
[Round "7"]
[White "Rozic, Adrijan"]
[Black "Zupancic, Urban"]
[Result "1/2-1/2"]
[ECO "D02"]
[WhiteElo "2048"]
[BlackElo "1993"]
[Annotator "NA"]
[PlyCount "84"]
[EventDate "2019.??.??"]
[EventCountry "SLO"]
[SourceTitle "playchess.com"]
[Source "ChessBase"]
[SourceQuality "1"]
[TimeControl "40/5400+30:1800+30"]

1. d4 d5 2. Nf3 Nf6 3. c3 Nbd7 4. Nbd2 b6 5. e3 Bb7 6. Bd3 e6 7. Ne5 a6 8. O-O Be7 9. Nxd7 Qxd7 10. Qe2 O-O 11. f3 c5 12. Kh1 Rfd8 13. b3 Qc7 14. Bb2 e5 15. Rae1 Bd6 16. dxe5 Bxe5 17. f4 Bd6 18. c4 d4 19. exd4 Bxf4 20. d5 Re8 21. Qf2 Rxe1 22. Rxe1 Re8 23. Bxf6 Rxe1+ 24. Qxe1 gxf6 25. Qe8+ Kg7 26. Nf3 Bc8 27. Qe4 Bg4 28. Qxh7+ Kf8 29. Qe4 Bxf3 30. Qxf3 Bxh2 31. Qxf6 Bg3 32. Bf5 Qe5 33. Qxe5 Bxe5 34. g4 Ke7 35. Kg2 f6 36. Kf3 Kd6 37. Ke4 a5 38. Be6 Bb2 39. Kf5 Ke7 40. Bc8 Bc3 41. Ba6 Bb2 42. Bb5 Bc3 1/2-1/2

[Event "Slovenian chT 2019"]
[Site "Slovenia"]
[Date "2019.12.20"]
[Round "7"]
[White "Rifelj, Luka"]
[Black "Jelen, Miha"]
[Result "0-1"]
[ECO "D34"]
[WhiteElo "1961"]
[BlackElo "1849"]
[Annotator "NA"]
[PlyCount "74"]
[EventDate "2019.??.??"]
[EventCountry "SLO"]
[SourceTitle "playchess.com"]
[Source "ChessBase"]
[SourceQuality "1"]
[TimeControl "40/5400+30:1800+30"]

1. Nf3 d5 2. d4 Nf6 3. c4 e6 4. Nc3 c5 5. cxd5 exd5 6. g3 Nc6 7. Bg2 Be7 8. O-O O-O 9. dxc5 Bxc5 10. Bg5 d4 11. Bxf6 Qxf6 12. Ne4 Qe7 13. Nxc5 Qxc5 14. Rc1 Qb6 15. Qd2 Be6 16. Rfd1 Rfd8 17. Ng5 Bf5 18. Nxf7 Kxf7 19. Qf4 Ke6 20. g4 Bg6 21. Bh3 Rf8 22. g5+ Ke7 23. Qg4 Bf5 24. Qh4 Ke8 25. Bg2 Rd8 26. Qf4 Rf7 27. Bxc6+ bxc6 28. Qe5+ Kf8 29. b3 Rd5 30. Qg3 Qc7 31. Qg2 Qd6 32. e4 dxe3 33. Rxd5 exf2+ 34. Qxf2 Qxd5 35. Re1 Bg6 36. Qe3 Rf5 37. h4 Qc5 0-1

[Event "Slovenian chT 2019"]
[Site "Slovenia"]
[Date "2019.12.21"]
[Round "8"]
[White "Ivanisevic, Ivan"]
[Black "Ruck, Robert"]
[Result "1-0"]
[ECO "A29"]
[WhiteElo "2593"]
[BlackElo "2526"]
[Annotator "ChessBase"]
[PlyCount "127"]
[EventDate "2019.??.??"]
[EventCountry "SLO"]
[SourceTitle "playchess.com"]
[Source "ChessBase"]
[SourceQuality "1"]
[TimeControl "40/5400+30:1800+30"]

1. c4 e5 2. Nc3 Nf6 3. Nf3 Nc6 4. g3 Bb4 5. Nd5 e4 6. Nh4 O-O 7. Bg2 Re8 8. O-O Bc5 9. e3 g5 10. Nf5 d6 11. Nh6+ Kg7 12. f4 g4 13. Nxf6 Qxf6 14. Nxg4 Qg6 15. Nf2 h5 16. a3 a5 17. b3 Bf5 18. Bb2+ f6 19. Kh1 Rh8 20. Rg1 Kf7 21. Qc2 Rae8 22. Bc3 Rh7 23. Qb2 Bg4 24. f5 Bxf5 25. b4 Ba7 26. bxa5 Bc5 27. Qxb7 Nd8 28. Qb1 Kf8 29. Rf1 Nf7 30. Nh3 h4 31. g4 Qxg4 32. Rf4 Qg6 33. Qf1 Nh6 34. Rxh4 Ng4 35. Rxh7 Qxh7 36. Qf4 Ke7 37. Rf1 Ke6 38. Bxf6 Kxf6 39. Qxg4 Re5 40. Qg5+ Ke6 41. Nf4+ Kd7 42. Nd5 Qg6 43. Qxg6 Bxg6 44. Rf6 Bh5 45. Rh6 Be2 46. Rh7+ Kd8 47. Rh6 Kd7 48. Nf6+ Ke7 49. Nxe4 Bxc4 50. Rh7+ Kd8 51. a6 Bxa3 52. Nf6 Ra5 53. Rd7+ Kc8 54. Bb7+ Kb8 55. Rd8+ Ka7 56. Ra8+ Kb6 57. Nd7+ Kb5 58. Rb8 Bd3 59. Kg2 Kc4 60. Bc6 Bg6 61. Rb7 Bc5 62. Nxc5 Kxc5 63. Rxc7 Kb6 64. a7 1-0

[Event "Slovenian chT 2019"]
[Site "Slovenia"]
[Date "2019.12.21"]
[Round "8"]
[White "Pavasovic, Dusko"]
[Black "Gombac, Jan"]
[Result "1-0"]
[ECO "B12"]
[WhiteElo "2546"]
[BlackElo "2246"]
[Annotator "ChessBase"]
[PlyCount "121"]
[EventDate "2019.??.??"]
[EventCountry "SLO"]
[SourceTitle "playchess.com"]
[Source "ChessBase"]
[SourceQuality "1"]
[TimeControl "40/5400+30:1800+30"]

1. e4 c6 2. d4 d6 3. Nc3 e5 4. Nf3 Qc7 5. Bc4 b5 6. Bb3 h6 7. a4 b4 8. Ne2 Nf6 9. Ng3 Ba6 10. Be3 Nbd7 11. dxe5 Nxe5 12. Nxe5 dxe5 13. Nh5 Nxh5 14. Qxh5 Rd8 15. Rd1 Bd6 16. Rxd6 Rxd6 17. Qxe5+ Kd8 18. Bf4 Re8 19. Qxd6+ Qxd6 20. Bxd6 Rxe4+ 21. Kd2 Rd4+ 22. Ke3 Rxd6 23. Bxf7 Ke7 24. Bh5 Re6+ 25. Kd2 Rd6+ 26. Kc1 c5 27. Re1+ Re6 28. Rxe6+ Kxe6 29. Kd2 g5 30. Ke3 Ke5 31. g3 Bb7 32. Bf3 Ba6 33. Bg4 Bb7 34. f4+ gxf4+ 35. gxf4+ Kf6 36. Bf3 Ba6 37. Bc6 Bf1 38. Be4 a5 39. Kd2 Ba6 40. c3 bxc3+ 41. Kxc3 Ke7 42. Bc6 Kd6 43. Bb5 Bc8 44. Bd3 Kd5 45. Bg6 Ba6 46. Bc2 Kd6 47. Be4 Be2 48. Bd3 Bd1 49. Bc2 Be2 50. f5 Ba6 51. f6 Ke6 52. Bd3 Bb7 53. Bb5 Kxf6 54. Kc4 Kg5 55. Kxc5 Kh4 56. Bd7 h5 57. Kb6 Bf3 58. Kxa5 Bg4 59. Bc6 Kh3 60. b4 Kxh2 61. b5 1-0

[Event "Slovenian chT 2019"]
[Site "Slovenia"]
[Date "2019.12.21"]
[Round "8"]
[White "Aczel, Gergely"]
[Black "Drnovsek, Gal"]
[Result "1-0"]
[ECO "E51"]
[WhiteElo "2515"]
[BlackElo "2388"]
[Annotator "ChessBase"]
[PlyCount "97"]
[EventDate "2019.??.??"]
[EventCountry "SLO"]
[SourceTitle "playchess.com"]
[Source "ChessBase"]
[SourceQuality "1"]
[TimeControl "40/5400+30:1800+30"]

1. d4 Nf6 2. c4 e6 3. Nc3 Bb4 4. e3 O-O 5. Bd2 d5 6. Nf3 b6 7. cxd5 exd5 8. Rc1 Ba6 9. Bxa6 Nxa6 10. Qa4 Qc8 11. O-O Qb7 12. a3 Be7 13. b4 c5 14. bxc5 bxc5 15. Rb1 Qc8 16. Rfc1 c4 17. Rc2 Bd8 18. Ne5 Bb6 19. f3 Nc7 20. Be1 Qe6 21. Kh1 Rfd8 22. Bh4 h6 23. Rcb2 g5 24. Bg3 Nh5 25. Bf2 f6 26. Ng4 Kg7 27. Qc2 Ne8 28. Na4 Rab8 29. Nc5 Qd6 30. e4 Nc7 31. Ne3 Kh8 32. exd5 Nf4 33. Ne4 Qf8 34. d6 Nce6 35. Nxc4 Bxd4 36. Bxd4 Nxd4 37. Qc3 Nfe2 38. Qd3 f5 39. Nc5 Rxb2 40. Rxb2 Qf6 41. g3 Qf7 42. Rxe2 Nxe2 43. Qxe2 Re8 44. Ne5 Qd5 45. d7 Rb8 46. Ng6+ Kh7 47. Qe7+ Kxg6 48. Qe6+ Qxe6 49. Nxe6 1-0

[Event "Slovenian chT 2019"]
[Site "Slovenia"]
[Date "2019.12.21"]
[Round "8"]
[White "Tratar, Marko"]
[Black "Beliavsky, Alexander G"]
[Result "1/2-1/2"]
[ECO "A13"]
[WhiteElo "2443"]
[BlackElo "2519"]
[Annotator "RC"]
[PlyCount "80"]
[EventDate "2019.??.??"]
[EventCountry "SLO"]
[SourceTitle "playchess.com"]
[Source "ChessBase"]
[SourceQuality "1"]
[TimeControl "40/5400+30:1800+30"]

1. c4 e6 2. Nf3 d5 3. e3 Nf6 4. b3 Be7 5. Bb2 O-O 6. Nc3 b6 7. g3 dxc4 8. bxc4 Nc6 9. Bg2 Ba6 10. Nb5 Na5 11. d3 c6 12. Nbd4 Bb4+ 13. Nd2 e5 14. Nc2 Be7 15. Qe2 Nd7 16. Nb3 b5 17. Bc3 Nb7 18. cxb5 Bxb5 19. a4 Ba6 20. O-O Rb8 21. Rfd1 Qc7 22. Qe1 Nbc5 23. Nxc5 Nxc5 24. Nb4 Rxb4 25. Bxb4 Nxd3 26. Ba5 Qc8 27. Qc3 Qf5 28. Rxd3 Bxd3 29. Qxc6 e4 30. Be1 Qf6 31. Qxf6 Bxf6 32. Rc1 Rb8 33. Bf1 g6 34. Bxd3 exd3 35. Rd1 Rb3 36. f4 Be7 37. Kg2 f5 38. Kf3 Kf7 39. Bd2 Ra3 40. a5 Bd8 1/2-1/2

[Event "Slovenian chT 2019"]
[Site "Slovenia"]
[Date "2019.12.21"]
[Round "8"]
[White "Sakelsek, Tadej"]
[Black "Zupancic, Urban"]
[Result "0-1"]
[ECO "C54"]
[WhiteElo "2422"]
[BlackElo "1993"]
[Annotator "NA"]
[PlyCount "108"]
[EventDate "2019.??.??"]
[EventCountry "SLO"]
[SourceTitle "playchess.com"]
[Source "ChessBase"]
[SourceQuality "1"]
[TimeControl "40/5400+30:1800+30"]

1. e4 e5 2. Nf3 Nc6 3. Bc4 Bc5 4. d3 Nf6 5. Nbd2 d6 6. c3 a5 7. O-O h6 8. Re1 O-O 9. Nf1 Be6 10. Bb5 Ne7 11. d4 exd4 12. cxd4 Bb4 13. Re2 c6 14. Bd3 $14 a4 15. h3 a3 16. b3 d5 17. e5 Ne4 18. Qc2 c5 19. dxc5 Rc8 20. Bxe4 dxe4 21. Rxe4 Bf5 22. Qe2 Bxe4 23. Qxe4 Qa5 24. Qg4 Rc6 25. Ng3 Bxc5 26. Bd2 Qb6 27. Ne4 Rg6 28. Qh5 Qc6 29. Re1 Nd5 30. Nh4 Re6 31. Nf5 Ne7 32. Nxe7+ Bxe7 33. f4 Rd8 34. Bc3 Bc5+ 35. Kh1 Ree8 36. Qg4 Kh8 37. e6 Bd4 38. Bxd4 Rxd4 39. exf7 Rf8 40. Qf5 Qd7 41. Qe5 Rd5 42. Qc3 Qxf7 43. Rf1 Qe7 44. Ng3 Qc5 45. Qf3 Qd4 46. f5 b5 47. Re1 Rfd8 48. Kh2 Re5 49. Rf1 Re3 50. Qh5 Qe5 51. Rf3 Rdd3 52. Rxe3 Rxe3 53. Qg6 Qf6 54. Qg4 Qg5 0-1

[Event "Slovenian chT 2019"]
[Site "Slovenia"]
[Date "2019.12.21"]
[Round "8"]
[White "Subelj, Jan"]
[Black "Zirkelbach, Maj"]
[Result "0-1"]
[ECO "C65"]
[WhiteElo "2402"]
[BlackElo "2221"]
[Annotator "NA"]
[PlyCount "62"]
[EventDate "2019.??.??"]
[EventCountry "SLO"]
[SourceTitle "playchess.com"]
[Source "ChessBase"]
[SourceQuality "1"]
[TimeControl "40/5400+30:1800+30"]

1. e4 e5 2. Nf3 Nc6 3. Bb5 Nf6 4. Qe2 Bc5 5. c3 Qe7 6. O-O O-O 7. Rd1 a6 8. Ba4 Ba7 9. d3 d6 10. h3 $11 Bd7 11. Nbd2 Nh5 12. Nf1 f5 13. exf5 Rxf5 14. Kh2 Raf8 15. Bb3+ Kh8 16. Bd5 e4 17. Bxc6 Bxc6 18. dxe4 Rxf3 19. gxf3 Qh4 20. f4 Nxf4 21. Bxf4 Qxf4+ 22. Ng3 Bxf2 23. Qg4 Qe5 24. Rf1 Bxe4 25. h4 g6 26. Rae1 d5 27. Kh3 Rf4 28. Qg5 Qe6+ 29. Kh2 Qd6 30. Ra1 Bxg3+ 31. Kxg3 Rxf1+ 0-1

[Event "Slovenian chT 2019"]
[Site "Slovenia"]
[Date "2019.12.21"]
[Round "8"]
[White "Stajner, Samo"]
[Black "Sebenik, Matej"]
[Result "0-1"]
[ECO "A01"]
[WhiteElo "2380"]
[BlackElo "2512"]
[Annotator "ChessBase"]
[PlyCount "98"]
[EventDate "2019.??.??"]
[EventCountry "SLO"]
[SourceTitle "playchess.com"]
[Source "ChessBase"]
[SourceQuality "1"]
[TimeControl "40/5400+30:1800+30"]

1. b3 e5 2. Bb2 Nc6 3. e3 Nf6 4. Bb5 Bd6 5. d4 exd4 6. Bxc6 dxc6 7. Qxd4 Qe7 8. Nf3 Bf5 9. Qc4 O-O 10. Nbd2 Rfe8 11. O-O Ba3 12. Be5 Bg6 13. Bd4 Nd7 14. Qc3 Qf8 15. Nc4 Bb4 16. Qb2 b5 17. Nce5 Nxe5 18. Nxe5 Ba3 19. Qb1 Bf5 20. Bb2 Be4 21. Nd3 Bd6 22. Qd1 Re6 23. Qe2 Qe7 24. Ne1 Qh4 25. f4 Rae8 26. Rd1 Bb4 27. Nf3 Qh5 28. Be5 Bc5 29. Bd4 Bd6 30. Rd2 c5 31. Bb2 Rh6 32. h3 Rg6 33. Ng5 Qxe2 34. Rxe2 Bc6 35. h4 f6 36. h5 Rh6 37. Nh3 Rxh5 38. Kh2 b4 39. Rff2 c4 40. bxc4 Ra5 41. Bd4 Rxa2 42. c5 Bf8 43. c3 Rxe2 44. Rxe2 b3 45. Rb2 Rb8 46. Nf2 a5 47. Nd3 Be4 48. Nb4 axb4 49. Rxb3 Bd5 0-1

[Event "Slovenian chT 2019"]
[Site "Slovenia"]
[Date "2019.12.21"]
[Round "8"]
[White "Dobrovoljc, Vid"]
[Black "Markoja, Boris"]
[Result "1/2-1/2"]
[ECO "E11"]
[WhiteElo "2370"]
[BlackElo "2444"]
[Annotator "NA"]
[PlyCount "62"]
[EventDate "2019.??.??"]
[EventCountry "SLO"]
[SourceTitle "playchess.com"]
[Source "ChessBase"]
[SourceQuality "1"]
[TimeControl "40/5400+30:1800+30"]

1. d4 Nf6 2. c4 e6 3. Nf3 Bb4+ 4. Bd2 Bxd2+ 5. Qxd2 d5 6. Nc3 O-O 7. e3 Qe7 8. Rc1 Rd8 9. Qc2 a6 10. a3 Nbd7 11. Be2 $11 dxc4 12. Bxc4 c5 13. Be2 b5 14. dxc5 Qxc5 15. b4 Qe7 16. O-O Bb7 17. a4 Qxb4 18. axb5 axb5 19. Qb1 Qxb1 20. Rxb1 Bxf3 21. Bxf3 Rab8 22. Nxb5 Ne5 23. Nd4 Nxf3+ 24. Nxf3 Rxb1 25. Rxb1 h6 26. h3 g5 27. g4 Kg7 28. Kg2 Rd7 29. Rb4 Nd5 30. Rd4 Nf6 31. Rxd7 Nxd7 1/2-1/2

[Event "Slovenian chT 2019"]
[Site "Slovenia"]
[Date "2019.12.21"]
[Round "8"]
[White "Tomazini, Zan"]
[Black "Janzelj, Tim"]
[Result "1-0"]
[ECO "B12"]
[WhiteElo "2359"]
[BlackElo "2446"]
[Annotator "NA"]
[PlyCount "93"]
[EventDate "2019.??.??"]
[EventCountry "SLO"]
[SourceTitle "playchess.com"]
[Source "ChessBase"]
[SourceQuality "1"]
[TimeControl "40/5400+30:1800+30"]

1. e4 c6 2. d4 d5 3. e5 Bf5 4. Nf3 e6 5. Be2 c5 6. c3 Nc6 7. O-O Bg6 8. Be3 Qb6 9. Qd2 Nh6 10. Nh4 Be4 11. g4 $11 Ng8 12. f3 Bxb1 13. Raxb1 h5 14. Ng2 Qa5 15. Qd3 Nge7 16. Nf4 c4 17. Qc2 g6 18. b3 cxb3 19. axb3 Bh6 20. Qd2 Rc8 21. b4 Qc7 22. Rbc1 Bg7 23. Kg2 a6 24. h3 Na7 25. c4 dxc4 26. Bxc4 Qd7 27. d5 exd5 28. Nxd5 Nxd5 29. Bxa7 Rd8 30. Rfd1 hxg4 31. Qxd5 gxh3+ 32. Kh1 Qxd5 33. Rxd5 Rc8 34. Be3 O-O 35. Rd7 Bxe5 36. Bxf7+ Kh8 37. Rc5 Rxc5 38. Bxc5 Rc8 39. Bxg6 b6 40. Be3 a5 41. f4 Bb2 42. b5 a4 43. Bxb6 a3 44. Bf7 Kg7 45. Bc7 Bd4 46. b6 Rf8 47. Bb3+ 1-0

[Event "Slovenian chT 2019"]
[Site "Slovenia"]
[Date "2019.12.21"]
[Round "8"]
[White "Gjuran, Denis"]
[Black "Zvan, Ziga"]
[Result "1-0"]
[ECO "C41"]
[WhiteElo "2331"]
[BlackElo "2249"]
[Annotator "NA"]
[PlyCount "75"]
[EventDate "2019.??.??"]
[EventCountry "SLO"]
[SourceTitle "playchess.com"]
[Source "ChessBase"]
[SourceQuality "1"]
[TimeControl "40/5400+30:1800+30"]

1. e4 d6 2. Nc3 Nf6 3. d4 e5 4. Nf3 exd4 5. Nxd4 Be7 6. Be2 O-O 7. O-O Re8 8. Re1 c6 9. a4 Bf8 10. Bf1 a5 11. Bf4 Na6 12. Qd2 Nc5 $14 13. f3 Ne6 14. Be3 d5 15. exd5 Nxd5 16. Nxd5 Qxd5 17. Nb3 Qxd2 18. Bxd2 b6 19. Be3 c5 20. c3 Ba6 21. Bxa6 Rxa6 22. Nd2 Rb8 23. Nc4 b5 24. axb5 Rxb5 25. Red1 Rb7 26. Ra4 Be7 27. Kf2 Kf8 28. Rd5 Ke8 29. f4 g6 30. g4 Rb5 31. Kf3 Nc7 32. Rd1 Na8 33. Rda1 Nb6 34. Rxa5 Nxc4 35. Rxa6 Rxb2 36. Ra8+ Kd7 37. R1a7+ Ke6 38. Re8 1-0

[Event "Slovenian chT 2019"]
[Site "Slovenia"]
[Date "2019.12.21"]
[Round "8"]
[White "Mazi, Leon"]
[Black "Antal, Tibor Kende"]
[Result "1-0"]
[ECO "B43"]
[WhiteElo "2326"]
[BlackElo "2424"]
[Annotator "NA"]
[PlyCount "71"]
[EventDate "2019.??.??"]
[EventCountry "SLO"]
[SourceTitle "playchess.com"]
[Source "ChessBase"]
[SourceQuality "1"]
[TimeControl "40/5400+30:1800+30"]

1. e4 c5 2. Nf3 e6 3. d4 cxd4 4. Nxd4 a6 5. Nc3 Qc7 6. f4 b5 7. Bd3 Bb7 8. Qe2 b4 9. Nd1 Nc6 10. Nxc6 Qxc6 11. Nf2 Bc5 12. Be3 Ne7 13. O-O-O $11 Rc8 14. Kb1 O-O 15. Rhe1 d5 16. Bxc5 Qxc5 17. e5 a5 18. Qe3 Qxe3 19. Rxe3 h5 20. Bf1 Nf5 21. Rh3 g6 22. Bd3 Nh6 23. Be2 Kg7 24. a3 f6 25. exf6+ Rxf6 26. axb4 Rxf4 27. Nd3 Re4 28. Bf3 Re3 29. bxa5 e5 30. Bxd5 Bxd5 31. Rxe3 Ng4 32. Re2 e4 33. Nb4 Ba8 34. h3 Ne5 35. b3 Rc5 36. a6 1-0